 Dungeon Crawl Stone Soup version 0.14-a0-1974-gdb6e453 (webtiles) character file.

25 4tharraofdagon the Vexing (level 2, 0/13 HPs)
             Began as a Spriggan Enchanter on Jan 18, 2014.
             Slain by a hobgoblin
             ... wielding a +0,+0 orcish club
              (4 damage)
             ... on Level 5 of the Dungeon.
             The game lasted 00:02:46 (337 turns).

4tharraofdagon the Vexing (Spriggan Enchanter)       Turns: 337, Time: 00:02:46

HP   0/13        AC  3     Str  4      XL: 2   Next: 20%
MP   5/8         EV 18     Int 21      God:
Gold 13          SH  0     Dex 16      Spells:  2 memorised,  4 levels left

rFire  . . .     SeeInvis +     a - +1 dagger
rCold  . . .     Clarity  .     b - +1 robe
rNeg   . . .     Conserve .     (shield restricted)
rPois  .         rCorr    .     (helmet restricted)
rElec  .         rRot     .     (no cloak)
SustAb . .       Spirit   .     (gloves unavailable)
rMut   .         Warding  .     (boots unavailable)
Saprov . . .     Stasis   .     (no amulet)
MR     .....                    (no ring)
                                (no ring)

@: brilliant, very quick, not resistant to hostile enchantments, stealthy
A: unfitting armour, see invisible, herbivore 3, speed 3, slow metabolism 2
a: no special abilities


You were on level 5 of the Dungeon.
You were not hungry.

You visited 1 branch of the dungeon, and saw 5 of its levels.

You collected 13 gold pieces.

Inventory:

Hand weapons
 a - a +1,+1 dagger (weapon)
Missiles
 d - 12 darts (quivered)
Armour
 b - a +1 robe (worn)
Scrolls
 f - 5 scrolls of remove curse {unknown}
 g - a scroll of curse armour {unknown}
 h - 2 scrolls of teleportation {unknown}
 i - a scroll of magic mapping {unknown}
 k - a scroll of noise {unknown}
 m - a scroll of identify {unknown}
Potions
 e - a potion of porridge
Books
 c - a book of Maledictions

   Spells                             Type                      Level
   *Corona                            Hexes                        1
   Sure Blade                         Hexes/Charms                 2
   *Ensorcelled Hibernation           Hexes/Ice                    2
   Confuse                            Hexes                        3
   Enslavement                        Hexes                        4
   Invisibility                       Hexes                        6


   Skills:
 * Level 1.7 Short Blades
 - Level 1.1 Throwing
 + Level 3.2 Dodging
 + Level 3.0 Stealth
 + Level 3.0 Spellcasting
 + Level 3.8 Hexes


You had 4 spell levels left.
You knew the following spells:

 Your Spells              Type           Power        Failure   Level  Hunger
a - Corona                Hex            ####...      1%          1    None
b - Ensorcelled Hibernat  Hex/Ice        ###...       1%          2    ##.....


Dungeon Overview and Level Annotations

Branches:
Dungeon (5/16)
 Temple: D:4-7

Altars:
Elyvilon

Annotations:
D:4 Edmund


Innate Abilities, Weirdness & Mutations

You are tiny and cannot use many weapons and most armour.
You have supernaturally acute eyesight.
You are a herbivore.
You cover ground extremely quickly.
You need consume almost no food.


Message History

Aim: a hobgoblin, wielding an orcish club (lightly wounded)
The hobgoblin is outlined in light.
The hobgoblin hits you but does no damage.
You hit the hobgoblin but do no damage. The kobold misses you.
The hobgoblin completely misses you.
You hit the hobgoblin.
The hobgoblin is moderately wounded.
The kobold misses you.
You hit the hobgoblin but do no damage.
The hobgoblin is moderately wounded.
The hobgoblin hits you with an orcish club.
The kobold hits you with a club.
You hit the hobgoblin.
The hobgoblin is heavily wounded.
The hobgoblin hits you but does no damage.
You hit the hobgoblin.
The hobgoblin is almost dead.
The kobold hits you with a club.
The hobgoblin hits you with an orcish club.
You die...

... ......... .........
.......... .......... .
.......######
.....#≈≈r≈# #K..#≈≈≈s#
#@.# . .# ##g# ..
...###.(# ...
.....#...#####+.#
................# s.
..............### #...
................###.....
.................#......
........................


You could see a giant mite, a grey rat (sleeping), a hobgoblin and a kobold.

Vanquished Creatures
  2 giant geckos
  A goblin (D:3)
  2 hobgoblins
  An ooze (D:2)
  A quokka (D:3)
  A bat (D:3)
  A kobold (D:2)
9 creatures vanquished.

Notes
Turn   | Place    | Note
--------------------------------------------------------------
     0 | D:1      | 4tharraofdagon, the Spriggan Enchanter, began the quest for the Orb.
     0 | D:1      | Reached XP level 1. HP: 9/9 MP: 4/4
    96 | D:2      | Found a white marble altar of Elyvilon.
   168 | D:3      | Reached XP level 2. HP: 4/13 MP: 1/7
   172 | D:3      | Learned a level 2 spell: Ensorcelled Hibernation
   284 | D:4      | Noticed Edmund
   290 | D:5      | Entered Level 5 of the Dungeon
   337 | D:5      | Slain by a hobgoblin

Action                   || total
-------------------------++-------
Melee: Dagger            ||    40
 Cast: Corona            ||     9
       Ensorcelled Hiber ||     2
  Use: Potion            ||     3
 Stab: Sleeping          ||     4
